 Dungeon Crawl Stone Soup version 0.21.1-1-g345015f (webtiles) character file.

44 iamserjio the Sneak (level 3, -1/31 HPs)
             Began as a Gnoll Assassin on June 24, 2018.
             Was an Initiate of Cheibriados.
             Killed from afar by an orc wizard (13 damage)
             ... with a puff of frost
             ... on level 4 of the Dungeon.
             The game lasted 00:04:44 (675 turns).

iamserjio the Sneak (Gnoll Assassin)                 Turns: 675, Time: 00:04:45

Health: -1/31      AC:  4    Str: 14    XL:     3   Next: 62%
Magic:  4/4        EV: 14    Int: 15    God:    Cheibriados [......]
Gold:   39         SH:  0    Dex: 23    Spells: 3/3 levels left

rFire    + . .     SeeInvis .   l - +0 short sword
rCold    x . .     Gourm    .   (no shield)
rNeg     . . .     Faith    .   c - +0 robe
rPois    .         Spirit   .   (no helmet)
rElec    .         Reflect  .   d - +0 cloak
rCorr    .         Harm     .   (no gloves)
MR       .....                  m - +0 pair of boots
Stlth    ++++......             (no amulet)
HPRegen  0.10/turn              n - +6 ring of dexterity
MPRegen  0.09/turn              j - ring of fire

@: very slow
A: distributed training, fangs 1, strong nose
a: Bend Time, Renounce Religion


You were on level 4 of the Dungeon.
You worshipped Cheibriados.
Cheibriados was noncommittal.
You were not hungry.

You visited 1 branch of the dungeon, and saw 4 of its levels.

You collected 39 gold pieces.

Inventory:

Hand Weapons
 a - a +2 dagger
 b - a +0 blowgun
 l - a +0 short sword (weapon)
 p - a +0 falchion
Missiles
 e - 3 poisoned needles
Armour
 c - a +0 robe (worn)
 d - a +0 cloak (worn)
 h - a +0 leather armour
 k - a +0 ring mail
 m - a +0 pair of boots (worn)
Jewellery
 j - a ring of fire (right hand)
 n - a +6 ring of dexterity (left hand)
 q - an uncursed ring of ice {unknown}
Scrolls
 i - a scroll of identify {unknown}
 s - a scroll of blinking {unknown}
Potions
 o - 2 potions of agility {unknown}
 r - a potion of heal wounds {unknown}
Comestibles
 g - 2 rations


   Skills:
 + Level 4.5 Fighting
 + Level 4.5 Short Blades
 + Level 0.8 Long Blades
 + Level 0.8 Axes
 + Level 0.8 Maces & Flails
 + Level 0.8 Polearms
 + Level 0.8 Staves
 + Level 0.8 Slings
 + Level 0.8 Bows
 + Level 0.8 Crossbows
 + Level 4.5 Throwing
 + Level 0.8 Armour
 + Level 2.6 Dodging
 + Level 7.8 Stealth
 + Level 0.8 Shields
 + Level 0.8 Unarmed Combat
 + Level 0.8 Spellcasting
 + Level 0.5 Conjurations
 + Level 0.5 Hexes
 + Level 0.5 Charms
 + Level 0.5 Summonings
 + Level 0.5 Necromancy
 + Level 0.5 Translocations
 + Level 0.5 Transmutations
 + Level 0.5 Fire Magic
 + Level 0.5 Ice Magic
 + Level 0.5 Air Magic
 + Level 0.5 Earth Magic
 + Level 0.5 Poison Magic
 + Level 1.0 Invocations
 + Level 0.8 Evocations


You had 3 spell levels left.
You didn't know any spells.

Dungeon Overview and Level Annotations

Branches:
Dungeon (4/15)
 Temple: D:4-7

Altars:
Cheibriados


Innate Abilities, Weirdness & Mutations

Your experience applies equally to all skills.
You have very sharp teeth.
Your uncanny sense of smell can sniff out nearby items.


Message History

l - a +0 short sword (weapon)
The orc wizard hits you but does no damage.
The orc wizard closely misses you.
You barely miss the orc wizard.
The orc wizard is heavily wounded.
The orc wizard hits you but does no damage.
The orc wizard points at you and mumbles some strange words.
The puff of flame misses you.
You hit the orc wizard. Your bite misses the orc wizard.
The orc wizard is moderately wounded.
The orc wizard closely misses you.
The orc wizard hits you but does no damage.
You closely miss the orc wizard.
The orc wizard is heavily wounded.
The orc wizard barely misses you.
You hit the orc wizard.
The orc wizard is severely wounded.
The orc wizard gestures at you while chanting.
The puff of frost hits you!
You feel a terrible chill!
You die...

#........# #........#
#### # #(......# ##..##
.. #......# ##.<..##
... #.....#
##......#.... #....o#
##............
#.!.#o####.............
#..##oo##..............
#.# ##@#...............
## ##.................
#..................
#..................#
#.<#..............###
#..##########.....##
..## ###.### ..# .# .#
..


You could see 2 orc wizards and 2 orcs.

Vanquished Creatures
  An adder (D:3)
  A dart slug (D:3)
  4 orcs
  A giant cockroach (D:1)
  4 hobgoblins
  4 jackals (D:3)
  6 kobolds
  A ball python (D:1)
  3 bats
  A frilled lizard (D:3)
  A rat (D:1)
27 creatures vanquished.

Notes
Turn   | Place    | Note
-------+----------+-------------------------------------------
     0 | D:1      | iamserjio the Gnoll Assassin began the quest for the Orb.
     0 | D:1      | Reached XP level 1. HP: 20/20 MP: 1/1
   111 | D:1      | Reached XP level 2. HP: 15/26 MP: 2/2
   206 | D:3      | Found a snail-covered altar of Cheibriados.
   214 | D:3      | Became a worshipper of Cheibriados the Contemplative
   296 | D:3      | Reached XP level 3. HP: 24/31 MP: 3/3
   424 | D:3      | Reached skill level 1 in Invocations
   675 | D:4      | Killed from afar by an orc wizard

Skill      XL: |  1  2  3 |
---------------+----------+-----
Invocations    | 1 |  1.0
Fighting       | |  4.5
Short Blades   | |  4.5
Long Blades    | |  0.8
Axes           | |  0.8
Maces & Flails | |  0.8
Polearms       | |  0.8
Staves         | |  0.8
Slings         | |  0.8
Bows           | |  0.8
Crossbows      | |  0.8
Throwing       | |  4.5
Armour         | |  0.8
Dodging        | |  2.6
Stealth        | |  7.8
Shields        | |  0.8
Unarmed Combat | |  0.8
Spellcasting   | |  0.8
Conjurations   | |  0.5
Hexes          | |  0.5
Charms         | |  0.5
Summonings     | |  0.5
Necromancy     | |  0.5
Translocations | |  0.5
Transmutations | |  0.5
Fire Magic     | |  0.5
Ice Magic      | |  0.5
Air Magic      | |  0.5
Earth Magic    | |  0.5
Poison Magic   | |  0.5
Evocations     | |  0.8

Action                   || total
-------------------------++-------
Melee: Dagger            ||    95
       Bite              ||    12
       Punch             ||     1
       Short sword       ||     7
 Fire: Blowgun           ||     7
  Use: Scroll            ||     1
 Stab: Sleeping          ||    11
Armor: Robe              ||    22
Dodge: Dodged            ||    55
